 Dungeon Crawl Stone Soup version 0.25.1-2-g60ff931 (webtiles) character file.

Game seed: 156311837523361707

158 Camoybot the Chopper (level 5, -2/48 HPs)
             Began as a Hill Orc Chaos Knight on Sept 25, 2020.
             Was a Plaything of Xom.
             Slain by Sigmund
             ... wielding a +0 scythe
              (11 damage)
             ... on level 3 of the Dungeon.
             The game lasted 00:11:32 (2174 turns).

Camoybot the Chopper (Hill Orc Chaos Knight)        Turns: 2174, Time: 00:11:33

Health: -2/48      AC:  6    Str: 16    XL:     5   Next: 39%
Magic:  5/5        EV:  7    Int: 12    God:    Xom [.*....]
Gold:   101        SH:  0    Dex: 10    Spells: 4/4 levels left

rFire    . . .     SeeInvis .   a - +1 hand axe (chaos)
rCold    . . .     Gourm    .   (no shield)
rNeg     . . .     Faith    .   b - +2 leather armour
rPois    .         Spirit   .   g - +0 helmet
rElec    .         Reflect  .   (no cloak)
rCorr    +         Harm     .   (no gloves)
MR       .....                  (no boots)
Stlth    +.........             (no amulet)
HPRegen  0.16/turn              i - ring of resist corrosion
MPRegen  0.09/turn              o - -4 ring of evasion (curse)

@: no status effects
A: no striking features
a: Renounce Religion


You were on level 3 of the Dungeon.
You worshipped Xom.
You were a plaything of Xom.
You were not hungry.

You visited 1 branch of the dungeon, and saw 3 of its levels.

You collected 101 gold pieces.

Inventory:

Hand Weapons
 a - a +1 hand axe of chaos (weapon)
 e - a +0 shortbow
Missiles
 h - 7 atropa-tipped darts (quivered)
 n - 6 poisoned darts
Armour
 b - a +2 leather armour (worn)
 g - a +0 helmet (worn)
 j - a +0 scale mail
Jewellery
 i - a ring of resist corrosion (left hand)
 o - a cursed -4 ring of evasion (right hand)
Scrolls
 f - a scroll of fog
Potions
 k - a potion of resistance
 m - 2 potions of mutation {unknown}
Comestibles
 c - 5 rations
 d - a chunk of flesh


   Skills:
 + Level 5.0 Fighting
 + Level 6.1 Axes
 + Level 2.6 Armour
 + Level 1.3 Dodging
 + Level 0.1 Stealth


You had 4 spell levels left.
You didn't know any spells.
Your spell library was empty.

Dungeon Overview and Level Annotations

Branches:
Dungeon (3/15)

Altars:
Ashenzari

Annotations:
D:3 Sigmund


Message History

You're too confused to move!
Something hits you!
Things that are here:
a cursed -3 short sword; an orc corpse You feel less confused.
Something hits you but does no damage.
There is a strange disturbance nearby!
Something hits you but does no damage.
You closely miss something. Something hits you!
You slash something! You freeze something. You hit something but do no damage.
Something hits you.
You miss something. You hit something. Something hits you.
* * * LOW HITPOINT WARNING * * *
You closely miss something. Something hits you.
* * * LOW HITPOINT WARNING * * *
You hit something. You completely miss something.
Something hits you but does no damage.
You hit something. Something hits you!
You die... "It was about time."

#.#(......#.......#
####.....#.).....#####
...........#######
..####^..####
#........# ..####...#
##..#)# #...#.#
##.#@#.. #..#{###.
..####.##.## .
............# #
.#.###.###..# >.. #..#
@...# #..# ..#.# #..#
. #. ...#


There were no monsters in sight!

Vanquished Creatures
  Jessica (D:2)
  A worker ant (D:2)
  Terence (D:2)
  2 adders (D:2)
  An ooze (D:3)
  2 worms (D:2)
  4 dart slugs
  An orc (D:3)
  2 ball pythons (D:1)
  A giant cockroach (D:2)
  3 goblins (D:1)
  A hobgoblin (D:1)
  3 jackals (D:2)
  8 kobolds
  A quokka (D:2)
  9 bats
  A frilled lizard (D:2)
  6 rats
48 creatures vanquished.

Vanquished Creatures (others)
  An ooze (D:1)
1 creature vanquished.

Grand Total: 49 creatures vanquished

Notes
Turn   | Place    | Note
-------+----------+-------------------------------------------
     0 | D:1      | Camoybot the Hill Orc Chaos Knight began the quest for the
                  | Orb.
     0 | D:1      | Reached XP level 1. HP: 19/19 MP: 1/1
    11 | D:1      | XOM: potion effect (haste)
    78 | D:1      | Reached XP level 2. HP: 27/27 MP: 2/2
   298 | D:1      | Reached XP level 3. HP: 26/34 MP: 3/3
   304 | D:1      | XOM: silly message
   326 | D:1      | Reached skill level 5 in Axes
   363 | D:1      | XOM: 4-stop teleportation journey
   767 | D:2      | Noticed Jessica
   773 | D:2      | Killed Jessica
   773 | D:2      | Reached XP level 4. HP: 30/41 MP: 4/4
   939 | D:2      | XOM: 2-stop teleportation journey
   952 | D:2      | Reached skill level 1 in Dodging
  1132 | D:2      | XOM: god gift: shortbow {god gift}
  1348 | D:2      | XOM: confuse monster(s)
  1734 | D:2      | XOM: silly message
  1793 | D:2      | Noticed Terence
  1798 | D:2      | XOM: confuse monster(s)
  1805 | D:2      | Killed Terence
  1805 | D:2      | Reached skill level 5 in Fighting
  1805 | D:2      | Reached XP level 5. HP: 45/48 MP: 5/5
  1920 | D:2      | Reached skill level 6 in Axes
  1937 | D:2      | Found a shattered altar of Ashenzari.
  2141 | D:3      | Noticed Sigmund
  2174 | D:3      | Slain by Sigmund

Illustrated notes

Levels and vault maps discovered:
D:1:      minmay_arrival_doors, layout_loops_ring, lemuel_old_faithful
D:2:      layout_basic, old_standard_altar, uniq_jessica, uniq_terence
D:3:      layout_rooms, chequers_ecumenical_altar_island,
          hangedman_decor_points, uniq_sigmund, uniq_natasha

Skill      XL: |  1  2  3  4  5 |
---------------+----------------+-----
Fighting       | 4 5 |  5.0
Axes           | 5 6 |  6.1
Dodging        | 1 |  1.3
Armour         | |  2.6
Stealth        | |  0.1

Action                   |  1- 3 |  4- 6 || total
-------------------------+-------+-------++-------
Melee: Hand axe          |    70 |    83 ||   153
  Use: Scroll            |       |     4 ||     4
       Potion            |       |     2 ||     2
  Eat: Chunk             |       |     4 ||     4
Armor: Leather armour    |    32 |    35 ||    67
Dodge: Dodged            |    47 |    41 ||    88
